 Dungeon Crawl Stone Soup version 0.24-a0-244-ga6a6ab7d13 (webtiles) character file.

Game seed: 18084040630066343682

12 Redear the Skirmisher (level 2, -1/16 HPs)
             Began as a Vine Stalker Berserker on Apr 10, 2019.
             Was a Follower of Trog.
             Slain by a kobold (2 damage)
             ... on level 1 of the Dungeon.
             The game lasted 00:01:19 (186 turns).

Redear the Skirmisher (Vine Stalker Berserker)       Turns: 186, Time: 00:01:20

Health: -1/16      AC:  2    Str: 19    XL:     2   Next: 33%
Magic:  0/3        EV: 12    Int:  7    God:    Trog [*.....]
Gold:   27         SH:  0    Dex: 13    Spells: 1/1 levels left

rFire    . . .     SeeInvis .   a - +0 falchion
rCold    . . .     Gourm    .   (no shield)
rNeg     . . .     Faith    .   b - +0 animal skin
rPois    .         Spirit   +   (no helmet)
rElec    .         Reflect  .   (no cloak)
rCorr    .         Harm     .   (no gloves)
MR       .....                  (no boots)
Stlth    +.........             (no amulet)
HPRegen  0.05/turn              (no ring)
MPRegen  0.08/turn              (no ring)

@: no status effects
A: fangs 2, magic shield, antimagic bite, no potion heal 3, rot immunity
a: Berserk, Renounce Religion


You were on level 1 of the Dungeon.
You worshipped Trog.
Trog was aware of your devotion.
You were not hungry.

You visited 1 branch of the dungeon, and saw 1 of its levels.

You collected 27 gold pieces.

Inventory:

Hand Weapons
 a - a +0 falchion (weapon)
Armour
 b - a +0 animal skin (worn)
Scrolls
 c - a scroll of teleportation {unknown}
 d - a scroll of identify {unknown}
Comestibles
 z - 2 rations


   Skills:
 + Level 2.9 Fighting
 + Level 2.9 Long Blades
 - Level 1.5 Armour
 + Level 1.9 Dodging


You had one spell level left.
You didn't know any spells.
Your spell library was empty.

Dungeon Overview and Level Annotations

Branches:
Dungeon (1/15)

Altars:


Innate Abilities, Weirdness & Mutations

You have extremely sharp teeth.
When hurt, damage is shared between your health and your magic reserves.
Your bite disrupts and absorbs the magic of your enemies.
Potions cannot restore your health.
You are immune to rotting.


Message History

* * * LOW HITPOINT WARNING * * *
You take 1 damage, and have 2/16 hp.
The bat completely misses you. The bat hits you but does no damage.
The bat misses you. The bat closely misses you. The bat hits you.
* * * LOW HITPOINT WARNING * * *
Found 9 gold pieces.
You take 1 damage, and have 1/16 hp.
The bat closely misses you.
Found a stone staircase leading down.
A giant cockroach comes into view.
The bat closely misses you.
A kobold comes into view.
The bat barely misses you.
You riposte.
You hit the bat.
You kill the bat!
Trog accepts your kill.
Found a fuming golden potion.
Found 18 gold pieces.
The kobold hits you.
You die...

♣.♣.♣.....#.##............##
.........#.##..........# #
♣.♣.♣#.................##
[... ........#.........# ...
..................#.. ..
..........g........#..
................#
......K.........#
.......@....>...#
..............s.#
..!.............#
...$...######### .......
#######


You could see a giant cockroach (sleeping), a hobgoblin and a kobold.

Vanquished Creatures
  A goblin (D:1)
  2 hobgoblins (D:1)
  3 kobolds (D:1)
  3 bats (D:1)
  A frilled lizard (D:1)
  3 rats (D:1)
13 creatures vanquished.

Notes
Turn   | Place    | Note
-------+----------+-------------------------------------------
     0 | D:1      | Redear the Vine Stalker Berserker began the quest for the
                  | Orb.
     0 | D:1      | Reached XP level 1. HP: 11/11 MP: 2/2
   101 | D:1      | Reached XP level 2. HP: 11/16 MP: 3/3
   178 | D:1      | HP: 1/16 [bat (1)]
   186 | D:1      | Slain by a kobold

Levels and vault maps discovered:
D:1:      tarquinn_simple_flora_water_f, layout_rooms, serial_forest,
          infiniplex_forest_clump_medium, infiniplex_forest_straight_5,
          infiniplex_forest_clump_small, infiniplex_forest_fountain,
          infiniplex_forest_lined_2

Action                   || total
-------------------------++-------
Melee: Falchion          ||    31
       Bite              ||     9
Invok: Berserk           ||     1
Armor: Animal skin       ||    10
Dodge: Dodged            ||    30
       Rpst.: Falchion   ||     8

Table legend:
 A = Non-vault XP
 B = Vault XP
 C = Vault XP percentage of total XP
 D = Non-vault monster count
 E = Vault monster count
 F = Vault count percentage of total count
                 A         B        C        D         E       F
            +---------+---------+-------+---------+---------+-------
      Total |      18 |       0 |   0.0 |      13 |       0 |   0.0
            +---------+---------+-------+---------+---------+-------
        D:1 |      18 |       0 |   0.0 |      13 |       0 |   0.0
            +---------+---------+-------+---------+---------+-------
